 Dungeon Crawl Stone Soup version 0.21-a0-122-g43b3ea6 (webtiles) character file.

85 Ordine the Magician (level 4, -4/24 HPs)
             Began as a Deep Elf Fire Elementalist on July 12, 2017.
             Killed from afar by Sigmund (7 damage)
             ... with a puff of flame
             ... on level 2 of the Dungeon.
             The game lasted 00:06:17 (1847 turns).

Ordine the Magician (Deep Elf Fire Elementalist)    Turns: 1847, Time: 00:06:18

Health: -4/24      AC:  3    Str:  5    XL:     4   Next: 25%
Magic:  5/12       EV: 13    Int: 21    God:
Gold:   30         SH:  0    Dex: 15    Spells: 1/11 levels left

rFire    . . .     SeeInvis .   j - +1 hand axe (flame)
rCold    . . .     Gourm    .   (no shield)
rNeg     . . .     Faith    .   a - +0 robe
rPois    .         Spirit   .   i - +0 helmet
rElec    .         Reflect  .   (no cloak)
rCorr    .         Harm     .   (no gloves)
MR       .....                  (no boots)
Stlth    ++........             (no amulet)
HPRegen  0.08/turn              (no ring)
MPRegen  0.13/turn              (no ring)

@: no status effects
A: no striking features
a: no special abilities


You were on level 2 of the Dungeon.
You were not hungry.

You visited 1 branch of the dungeon, and saw 2 of its levels.

You collected 30 gold pieces.

Inventory:

Hand Weapons
 g - a +1 dagger
 j - a +1 hand axe of flaming (weapon)
Armour
 a - a +0 robe (worn)
 i - a +0 helmet (worn)
Scrolls
 d - a scroll of identify
 e - 3 scrolls of remove curse
 k - 2 scrolls of teleportation
Books
 b - a book of Flames

   Spells                             Type                      Level
   a - Flame Tongue                   Conjuration/Fire             1
   b - Throw Flame                    Conjuration/Fire             2
   c - Conjure Flame                  Conjuration/Fire             3
   d - Inner Flame                    Hexes/Fire                   3
   e - Sticky Flame                   Conjuration/Fire             4
   f - Fireball                       Conjuration/Fire             5
Comestibles
 c - a bread ration
 f - 4 fruits
 h - 2 chunks of flesh


   Skills:
 + Level 0.8 Short Blades
 - Level 2.4 Dodging
 - Level 3.0 Stealth
 + Level 4.0 Spellcasting
 * Level 2.9 Conjurations
 + Level 3.7 Fire Magic


You had one spell level left.
You knew the following spells:

 Your Spells              Type           Power        Failure   Level  Hunger
a - Flame Tongue          Conj/Fire      ###..        3%          1    None
b - Throw Flame           Conj/Fire      ###...       4%          2    #......
c - Conjure Flame         Conj/Fire      ###.....     9%          3    ###....
d - Sticky Flame          Conj/Fire      ###.....     30%         4    ####...


Dungeon Overview and Level Annotations

Branches:
Dungeon (2/15)

Altars:

Annotations:
D:2 Sigmund


Message History

Confirm with . or Enter, or press ? or * to list all spells.
Aiming: Throw Flame
Press: ? - help, Shift-Dir - straight line, f - Sigmund
Aim: Sigmund, wielding a scythe and wearing a robe (severely wounded, slightly transparent, covered in liquid flames)
The puff of flame misses Sigmund.
Sigmund burns!
Sigmund hits you but does no damage.
Casting: Throw Flame
Confirm with . or Enter, or press ? or * to list all spells.
Aiming: Throw Flame
Press: ? - help, Shift-Dir - straight line, f/p - Sigmund
Aim: Sigmund, wielding a scythe and wearing a robe (severely wounded, slightly transparent, covered in liquid flames)
The puff of flame hits Sigmund.
Sigmund is severely wounded.
Sigmund burns!
Something hits you!
* * * LOW HITPOINT WARNING * * *
You start resting.
You hear some strange, mumbled words.
A puff of flame appears from out of thin air!
The puff of flame hits you!
You die...

.....#.....#.......#
......#
.....#{#####.#######
..........##.....#
...##..##.######.#
.......##.....##.#
#(.....######.##.#
......## #....#
.###.## #....#
.....# ##.#@# ######
#.### #.. ###


There were no monsters in sight!

Vanquished Creatures
  Terence (D:2)
  2 adders (D:2)
  An ooze (D:2)
  A worm (D:2)
  2 dart slugs
  A leopard gecko (D:1)
  4 giant cockroaches
  5 goblins
  2 hobgoblins
  A quokka (D:2)
  3 bats
  2 frilled lizards
  5 kobolds
  4 rats
34 creatures vanquished.

Notes
Turn   | Place    | Note
-------+----------+-------------------------------------------
     0 | D:1      | Ordine the Deep Elf Fire Elementalist began the quest for the Orb.
     0 | D:1      | Reached XP level 1. HP: 10/10 MP: 6/6
   409 | D:1      | Reached XP level 2. HP: 15/15 MP: 6/8
   413 | D:1      | Learned a level 2 spell: Throw Flame
   968 | D:2      | Reached XP level 3. HP: 19/19 MP: 7/10
   978 | D:2      | Learned a level 3 spell: Conjure Flame
  1270 | D:2      | Noticed Terence
  1336 | D:2      | Killed Terence
  1336 | D:2      | Reached skill level 4 in Spellcasting
  1336 | D:2      | Reached XP level 4. HP: 13/24 MP: 0/12
  1530 | D:2      | Learned a level 4 spell: Sticky Flame
  1729 | D:2      | Noticed Sigmund
  1847 | D:2      | Killed from afar by Sigmund

Vault maps used:
D:1:      mainiacjoe_arrival_reflecting_pool
D:2:      uniq_terence, uniq_sigmund

Skill      XL: |  1  2  3 |
---------------+----------+-----
Stealth        | 3 |  3.0
Conjurations   | 2 |  2.9
Spellcasting   | 4 |  4.0
Short Blades   | |  0.8
Dodging        | |  2.4
Fire Magic     | |  3.7

Action                   |  1- 3 |  4- 6 || total
-------------------------+-------+-------++-------
Melee: Dagger            |    38 |       ||    38
       Hand axe          |       |     1 ||     1
 Cast: Flame Tongue      |    45 |    15 ||    60
       Throw Flame       |    10 |     3 ||    13
       Conjure Flame     |       |     1 ||     1
       Sticky Flame      |       |     1 ||     1
  Use: Scroll            |     4 |     1 ||     5
       Potion            |     3 |       ||     3
  Eat: Chunk             |     1 |     2 ||     3
Armor: Robe              |     5 |     1 ||     6
       Skin              |    30 |       ||    30
Dodge: Dodged            |    15 |     8 ||    23
